[Event "Titled Tuesday Blitz March 07 Early 2023"]
[White "Lorenzo De La Riva, Lazaro"]
[Black "Petrova, Irina"]
[WhiteFideId "2268809"]
[BlackFideId "14124122"]
[WhiteElo "2294"]
[BlackElo "2084"]
[Result "0-1"]
[Round "02"]
[TimeControl "180+2"]
[Date "2023.03.07"]
[WhiteClock "0:00:09"]
[BlackClock "0:00:49"]

1. e4 d6 2. d4 Nf6 3. Nc3 g6 4. Nf3 Bg7 5. Bc4 O-O 6. Bb3 Nc6 7. h4 Bg4 8. Bg5 e5 9. Qd2 Bxf3 10. gxf3 Nxd4 11. Qe3 Qd7 12. h5 Nxh5 13. Nd5 Nxb3 14. axb3 c6 15. Rxh5 cxd5 16. Rh2 dxe4 17. Bh6 f5 18. Bxg7 Qxg7 19. fxe4 fxe4 20. Qxe4 Rf4 21. Qd5+ Qf7 22. Qxd6 Re4+ 23. Kf1 Rf8 24. Rxa7 Qf3 25. Rxb7 Qe2+ 26. Kg2 Rxf2+ 27. Kg3 Qf3# 0-1


[Site "https://www.chess.com"]

[Event "Titled Tuesday Blitz March 07 Early 2023"]
[White "Chan, Kim Yew"]
[Black "Ardila, Oscar Humberto"]
[WhiteFideId "5717981"]
[BlackFideId "4404742"]
[WhiteElo "2206"]
[BlackElo "1911"]
[Result "0-1"]
[Round "02"]
[TimeControl "180+2"]
[Date "2023.03.07"]
[WhiteClock "0:00:03"]
[BlackClock "0:00:46"]

1. Nf3 Nf6 2. c4 g6 3. Nc3 Bg7 4. d4 O-O 5. Bg5 h6 6. Bh4 d6 7. e3 Nbd7 8. Be2 c6 9. Qc2 e5 10. O-O Re8 11. Rfd1 Qc7 12. b4 Nf8 13. b5 Bf5 14. Qb3 Ne4 15. Nxe4 Bxe4 16. Bg3 Qe7 17. Nd2 exd4 18. Nxe4 Qxe4 19. Bf3 Qe7 20. exd4 Rac8 21. bxc6 bxc6 22. Bg4 f5 23. Bf3 c5 24. h3 cxd4 25. Rab1 Kh7 26. Bd5 Rb8 27. Qxb8 Rxb8 28. Rxb8 Ne6 29. Rb7 Nc7 30. Rxa7 Qd8 31. Bf3 g5 0-1


[Site "https://www.chess.com"]

[Event "Titled Tuesday Blitz March 07 Early 2023"]
[White "Pino Perez, Lazaro"]
[Black "Aung Thant Zin"]
[WhiteFideId "3517055"]
[BlackFideId "13000063"]
[WhiteElo "2170"]
[BlackElo "2278"]
[Result "1-0"]
[Round "02"]
[TimeControl "180+2"]
[Date "2023.03.07"]
[WhiteClock "0:01:01"]
[BlackClock "0:00:35"]

1. d4 Nf6 2. Bf4 d5 3. e3 c5 4. Nf3 Nc6 5. Nbd2 Bg4 6. c3 e6 7. Qa4 Qd7 8. Bb5 Bxf3 9. Nxf3 Bd6 10. dxc5 Bxf4 11. exf4 O-O 12. O-O a6 13. Bxc6 Qxc6 14. Qxc6 bxc6 15. b4 a5 16. a3 Ne4 17. Rfc1 f6 18. Nd4 Rfc8 19. Nxe6 Nd2 20. Nd4 Nc4 21. Re1 Kf7 22. f5 Ne5 23. f4 Nd3 24. Re3 Nxf4 25. Rf1 1-0


[Site "https://www.chess.com"]

[Event "Titled Tuesday Blitz March 07 Early 2023"]
[White "Larina, Maria"]
[Black "Koridze, Lile"]
[WhiteFideId "24113182"]
[BlackFideId "13612514"]
[WhiteElo "1848"]
[BlackElo "2047"]
[Result "0-1"]
[Round "02"]
[TimeControl "180+2"]
[Date "2023.03.07"]
[WhiteClock "0:00:13"]
[BlackClock "0:00:04"]

1. e4 c5 2. Nc3 d6 3. d4 cxd4 4. Qxd4 a6 5. b3 Nc6 6. Qd2 g6 7. Bb2 Bg7 8. O-O-O Nf6 9. f3 O-O 10. g4 Rb8 11. h4 h5 12. g5 Nd7 13. f4 b5 14. f5 Nc5 15. fxg6 fxg6 16. Qd5+ Be6 17. Qd2 b4 18. Nd5 Nxe4 19. Qe3 Bxb2+ 20. Kxb2 Bxd5 21. Rxd5 Nc3 22. Qe6+ Kg7 23. Bd3 Qe8 24. Nh3 Qf7 25. Qxf7+ Rxf7 26. Bc4 Ne5 27. Ra5 Nxc4+ 28. bxc4 Rb6 29. Re1 e5 30. a3 Rf3 31. Ng1 bxa3+ 32. Ka1 Rf2 33. Rxa3 Rxc2 34. Nf3 Rbb2 35. Rxc3 Rxc3 36. Kxb2 Rxf3 37. Rd1 Rf4 38. Rxd6 Rxc4 39. Rxa6 Rxh4 40. Ra7+ Kf8 41. Kc3 Rg4 42. Kd3 Rxg5 43. Ke4 h4 44. Rh7 Rh5 45. Rb7 h3 46. Kd5 h2 47. Ke6 h1=Q 48. Rb8+ Kg7 49. Rb7+ Kh6 0-1


[Site "https://www.chess.com"]

[Event "Titled Tuesday Blitz March 07 Early 2023"]
[White "Latreche, Khadidja"]
[Black "sissahungrychess"]
[WhiteFideId "7901780"]
[WhiteElo "1869"]
[BlackElo "2401"]
[Result "0-1"]
[Round "02"]
[TimeControl "180+2"]
[Date "2023.03.07"]
[WhiteClock "0:00:07"]
[BlackClock "0:00:17"]

1. e4 c5 2. Nf3 d6 3. d4 cxd4 4. Nxd4 Nf6 5. f3 a6 6. c4 g6 7. Nc3 Bg7 8. Be3 Nc6 9. Be2 O-O 10. O-O Nxd4 11. Bxd4 Be6 12. Rc1 Qa5 13. Qd2 Rfc8 14. Rfd1 Bxc4 15. Nd5 Qxd2 16. Rxd2 Bxd5 17. Rxc8+ Rxc8 18. exd5 Rc1+ 19. Kf2 Nd7 20. Be3 f5 21. b3 Kf7 22. g3 Bf6 23. h4 Ne5 24. Bd4 b5 25. Bxe5 Bxe5 26. f4 Bc3 27. Rd3 Bb4 28. Bd1 Rb1 29. a4 Rb2+ 30. Kg1 Bc5+ 31. Kh1 b4 32. Bf3 Bf2 33. Bg2 Be1 34. Kh2 Bc3 0-1


[Site "https://www.chess.com"]

[Event "Titled Tuesday Blitz March 07 Early 2023"]
[White "Foerster-Yialamas, Lucas"]
[Black "Pissama Ntsaou, Martial"]
[WhiteFideId "30901774"]
[BlackFideId "17400864"]
[WhiteElo "2067"]
[BlackElo "2065"]
[Result "1-0"]
[Round "02"]
[TimeControl "180+2"]
[Date "2023.03.07"]
[WhiteClock "0:02:08"]
[BlackClock "0:00:31"]

1. Nf3 d5 2. b3 c6 3. Bb2 Nf6 4. e3 Bf5 5. c4 e6 6. Nc3 Nbd7 7. Be2 Bd6 8. Rc1 O-O 9. Nh4 Be4 10. d3 Ne8 11. dxe4 Qxh4 12. exd5 exd5 13. cxd5 cxd5 14. Qxd5 Rd8 15. Ne4 Nb6 16. Qf5 Bb4+ 17. Kf1 Nd6 18. Nxd6 Rxd6 19. g3 Qh6 20. Kg2 Rd2 21. Rc2 Rfd8 22. Rhc1 R2d5 23. Qg4 Rg5 24. Qxb4 Nd5 25. Rc8 1-0


[Site "https://www.chess.com"]

[Event "Titled Tuesday Blitz March 07 Early 2023"]
[White "Baruch, Liam"]
[Black "Benaddi, Mouhcine"]
[WhiteFideId "14322064"]
[BlackFideId "9001050"]
[WhiteElo "2062"]
[BlackElo "2036"]
[Result "1/2-1/2"]
[Round "02"]
[TimeControl "180+2"]
[Date "2023.03.07"]
[WhiteClock "0:00:05"]
[BlackClock "0:00:01"]

1. e4 c6 2. d4 d5 3. exd5 cxd5 4. Bd3 Nc6 5. c3 Qc7 6. h3 e6 7. Nf3 Bd6 8. O-O Nf6 9. Re1 h6 10. Qe2 Bd7 11. Ne5 O-O 12. Bf4 Be8 13. Nd2 Bxe5 14. dxe5 Nd7 15. Nf3 f5 16. h4 Bh5 17. Qe3 Bxf3 18. Qxf3 Qd8 19. Qg3 Kh8 20. h5 Qe7 21. Qe3 Qf7 22. Be2 Kh7 23. Bd1 Rg8 24. Qf3 g5 25. hxg6+ Rxg6 26. Qh5 Qg7 27. Bf3 Rg8 28. Qh2 Nc5 29. Rad1 Ne4 30. Bxe4 fxe4 31. g3 Qf7 32. Kf1 Qf5 33. Re3 Nxe5 34. Bxe5 Qxe5 35. Ke2 Qc7 36. Rh1 Qc4+ 37. Kd2 Qxa2 38. Kc2 Qa4+ 39. Kb1 e5 40. g4 Ra6 41. g5 Rxg5 42. Rh3 Qa1+ 43. Kc2 Qa4+ 44. Kd2 Rgg6 45. Qxe5 Qd7 46. Rh4 Qg7 47. Qxg7+ Kxg7 48. Rh5 Rad6 49. Rd1 Rg2 50. Ke3 Rf6 51. Rhxd5 Rgxf2 52. Rd7+ Kg6 53. Rd8 R6f4 54. Rg8+ Kh5 55. Rh1+ Rh4 56. Rxh4+ Kxh4 57. Kxe4 Rxb2 58. Kf4 Ra2 59. Rg1 Ra4+ 60. Kf3 b6 61. Rh1+ Kg5 62. Rg1+ Kf5 63. Rh1 Kg6 64. Rg1+ Kh7 65. Re1 h5 66. Re7+ Kh6 67. Kg3 Kg5 68. Rg7+ Kh6 69. Rf7 Kg6 70. Rc7 Ra3 71. Rc6+ Kg5 72. Rc4 b5 73. Rc5+ Kg6 74. Rxb5 Rxc3+ 75. Kh4 Rc4+ 76. Kg3 Ra4 77. Rc5 Kf6 78. Rc6+ Kg5 79. Rc5+ Kg6 80. Rc6+ Kf7 81. Rc5 Ke6 82. Rxh5 Re4 83. Kf3 Re5 84. Rh6+ Kd5 85. Ra6 Re7 86. Ra5+ Kc4 87. Ra6 Kb5 88. Ra2 a5 89. Rb2+ Kc4 90. Rc2+ Kb4 91. Rb2+ Ka3 92. Rb8 a4 93. Kf2 Ka2 94. Kf3 a3 95. Kf4 Ka1 96. Kf3 a2 97. Kf2 Re6 98. Kf1 Rc6 99. Ke2 Rc2+ 100. Kd1 Rb2 101. Rc8 Rb1+ 102. Kc2 Rh1 103. Rb8 Rh2+ 104. Kc1 Rh1+ 105. Kc2 Rh2+ 106. Kc1 Rh1+ 107. Kc2 1/2-1/2


[Site "https://www.chess.com"]

[Event "Titled Tuesday Blitz March 07 Early 2023"]
[White "Kriti Mayur Patel"]
[Black "Rios Escobar, Adan"]
[WhiteFideId "35061780"]
[BlackFideId "3403645"]
[WhiteElo "1306"]
[BlackElo "2397"]
[Result "0-1"]
[Round "02"]
[TimeControl "180+2"]
[Date "2023.03.07"]
[WhiteClock "0:00:02"]
[BlackClock "0:00:16"]

1. e4 c5 2. d4 d6 3. Nf3 cxd4 4. c3 dxc3 5. Nxc3 a6 6. Bc4 Nc6 7. O-O Nf6 8. e5 dxe5 9. Qxd8+ Nxd8 10. Nxe5 Be6 11. Bxe6 Nxe6 12. Be3 g6 13. Na4 Bg7 14. Nb6 Rd8 15. Rac1 h5 16. Nbc4 Ng4 17. Bb6 Nxe5 18. Bxd8 Nxd8 19. Nb6 Ndc6 20. Rfd1 O-O 21. f4 Ng4 22. Nd5 Bd4+ 23. Kf1 Nxh2+ 24. Ke2 Ba7 25. b4 Ng4 26. a4 e6 27. b5 axb5 28. axb5 Nd4+ 29. Rxd4 Bxd4 30. Ne7+ Kg7 31. Rc7 b6 32. Nc8 Bc5 33. Rb7 Rxc8 34. Kf3 Rd8 35. Kg3 Rd3+ 36. Kh4 Bf2+ 37. Kg5 Bd4 38. g3 Bf6# 0-1


[Site "https://www.chess.com"]

[Event "Titled Tuesday Blitz March 07 Early 2023"]
[White "Szyszylo, Rafal"]
[Black "Necula, Iulian"]
[WhiteFideId "1109626"]
[BlackFideId "1232380"]
[WhiteElo "1951"]
[BlackElo "1790"]
[Result "1-0"]
[Round "02"]
[TimeControl "180+2"]
[Date "2023.03.07"]
[WhiteClock "0:00:28"]
[BlackClock "0:00:11"]

1. e4 c5 2. Nf3 d6 3. d4 cxd4 4. Nxd4 Nf6 5. Nc3 g6 6. f3 Nc6 7. Be3 h5 8. Qd2 Nxd4 9. Bxd4 Bh6 10. Be3 Bxe3 11. Qxe3 Be6 12. O-O-O Qa5 13. Kb1 Rc8 14. a3 h4 15. Bb5+ Kf8 16. Be2 Rc6 17. Rd4 Kg7 18. Ra4 Qc7 19. Rxa7 Rc8 20. Nb5 Qb8 21. Nd4 Rc5 22. Ra4 b5 23. Rb4 Bc4 24. Bxc4 Rxc4 25. Rxb5 Qa7 26. c3 Qd7 27. Rb4 R4c5 28. Rd1 h3 29. g4 Rh8 30. g5 Nh5 31. f4 Qg4 32. Rg1 Qxf4 33. Qxf4 Nxf4 34. Rb7 Re8 35. Nf3 Rc4 36. Re1 Nd3 37. Re3 Nc5 38. Rb4 Rxb4 39. cxb4 Ne6 40. b5 Rb8 41. a4 Nc5 42. b3 e6 43. Nd4 d5 44. exd5 exd5 45. Nc6 Rb7 46. Rxh3 Ne4 47. Rd3 Nxg5 48. Rxd5 Nf3 49. h3 f5 50. a5 Ng5 51. a6 Rb6 52. a7 1-0


[Site "https://www.chess.com"]

[Event "Titled Tuesday Blitz March 07 Early 2023"]
[White "Vanek, Tomas"]
[Black "Ansh M Shah"]
[WhiteFideId "313459"]
[BlackFideId "25033379"]
[WhiteElo "2052"]
[BlackElo "2084"]
[Result "0-1"]
[Round "02"]
[TimeControl "180+2"]
[Date "2023.03.07"]
[WhiteClock "0:00:09"]
[BlackClock "0:00:20"]

1. d4 Nf6 2. Bg5 e6 3. e4 Be7 4. e5 Nd5 5. Bd2 c5 6. c4 Nb6 7. Qg4 g6 8. Bh6 cxd4 9. Nf3 Nc6 10. Bd3 Nb4 11. Qxd4 Bc5 12. Qe4 d5 13. cxd5 Nxd3+ 14. Qxd3 Qxd5 15. Qxd5 Nxd5 16. Nc3 Nxc3 17. bxc3 Bd7 18. O-O O-O-O 19. Bg5 Rdf8 20. Bf6 Rhg8 21. Ng5 h6 22. Ne4 Ba3 23. Rab1 Bc6 24. Rb3 Bxe4 25. Rxa3 a6 26. Be7 Re8 27. Bd6 Bc6 28. Rb1 Rd8 29. Rb6 f6 30. Raxa6 bxa6 31. Rxc6+ Kb7 32. Rc7+ Kb6 33. h4 fxe5 34. Bxe5 Rd5 35. Bf4 g5 36. Re7 gxf4 37. Rxe6+ Kb5 38. Rxh6 f3 39. g3 Rd1+ 40. Kh2 Rf1 41. Rg6 Rxf2+ 42. Kg1 Rg2+ 43. Kf1 Rxg6 44. h5 R6xg3 45. c4+ Kxc4 46. a4 Rh3 47. h6 Rh1# 0-1


[Site "https://www.chess.com"]

[Event "Titled Tuesday Blitz March 07 Early 2023"]
[White "Begunov, Konstantin"]
[Black "Tharushi, T H D Niklesha"]
[WhiteFideId "4118510"]
[BlackFideId "9918264"]
[WhiteElo "2079"]
[BlackElo "1596"]
[Result "1-0"]
[Round "02"]
[TimeControl "180+2"]
[Date "2023.03.07"]
[WhiteClock "0:00:26"]
[BlackClock "0:00:16"]

1. d4 Nf6 2. c4 e6 3. Nf3 Bb4+ 4. Nbd2 b6 5. a3 Bb7 6. axb4 Qe7 7. c5 O-O 8. g3 Nd5 9. Qb3 Na6 10. b5 Nb8 11. Qc2 bxc5 12. dxc5 a6 13. e4 Nb4 14. Qc3 a5 15. Bg2 Qxc5 16. Qxc5 Nd3+ 17. Ke2 Nxc5 18. Nd4 a4 19. b4 axb3 20. Rxa8 Bxa8 21. N4xb3 Na4 22. Ba3 d6 23. Rc1 Rc8 24. Bxd6 c6 25. e5 Nb6 26. Bxb8 Rxb8 27. bxc6 Rc8 28. Na5 Nd5 29. Bxd5 exd5 30. Ndb3 Kf8 31. Nd4 Ke7 32. f4 Kd8 33. Rc5 Kc7 34. Rxd5 Kb6 35. Nc4+ Ka6 36. Nd6 Rb8 37. c7 Rb2+ 38. Kd3 Bxd5 39. c8=Q+ Ka5 40. Qc5+ Ka4 41. Qxd5 1-0


[Site "https://www.chess.com"]

[Event "Titled Tuesday Blitz March 07 Early 2023"]
[White "Castillo Pena, Patricia Evarista"]
[Black "Markus, Robert"]
[WhiteFideId "6412106"]
[BlackFideId "921637"]
[WhiteElo "1919"]
[BlackElo "2623"]
[Result "0-1"]
[Round "02"]
[TimeControl "180+2"]
[Date "2023.03.07"]
[WhiteClock "0:01:16"]
[BlackClock "0:00:21"]

1. d4 Nf6 2. Nf3 e6 3. e3 d5 4. Bd3 c5 5. b3 Nc6 6. Bb2 h5 7. Nbd2 h4 8. h3 Bd6 9. a3 cxd4 10. exd4 Bd7 11. Qe2 Rc8 12. c4 Ne7 13. Ne5 b6 14. O-O a5 15. Rfe1 a4 16. b4 dxc4 17. Ndxc4 Bc7 18. Rac1 b5 19. Nxd7 Nxd7 20. Ne5 Nxe5 21. dxe5 O-O 22. Bxb5 Ng6 23. Red1 Qg5 24. Bd7 Nf4 25. Qf3 Bxe5 26. Bxe5 Rxc1 27. Rxc1 Qxe5 28. Rc5 Qe1+ 29. Kh2 Ne2 0-1


[Site "https://www.chess.com"]

[Event "Titled Tuesday Blitz March 07 Early 2023"]
[White "Leve, Nitai"]
[Black "Lohani, Sujana"]
[WhiteFideId "2006898"]
[BlackFideId "12311987"]
[WhiteElo "2144"]
[BlackElo "1718"]
[Result "1-0"]
[Round "02"]
[TimeControl "180+2"]
[Date "2023.03.07"]
[WhiteClock "0:00:15"]
[BlackClock "0:00:01"]

1. e4 g6 2. d4 Bg7 3. Nc3 d6 4. f4 Nf6 5. Nf3 O-O 6. Bd3 c5 7. dxc5 dxc5 8. O-O Bg4 9. h3 Bxf3 10. Qxf3 c4 11. Be2 Nc6 12. e5 Nd4 13. Qxb7 Nd7 14. Bxc4 Nxc2 15. Rb1 Nc5 16. Qd5 Qxd5 17. Nxd5 e6 18. Ne3 Nxe3 19. Bxe3 Rfc8 20. Rfc1 Bf8 21. b4 Na4 22. a3 Nb6 23. Ba6 Rxc1+ 24. Rxc1 Nd5 25. Bb7 Rd8 26. Bxd5 Rxd5 27. Bxa7 Rd3 28. Rc8 Kg7 29. b5 Rxa3 30. b6 Rb3 31. Rc7 Rb5 32. b7 Bb4 33. b8=Q Rxb8 34. Bxb8 Bd2 35. g3 Be1 36. Kg2 h5 37. Rb7 h4 38. g4 Bg3 39. Kf3 Be1 40. Bd6 Bc3 41. Be7 1-0


[Site "https://www.chess.com"]

[Event "Titled Tuesday Blitz March 07 Early 2023"]
[White "Nakamura, Hikaru"]
[Black "Mahdavi, Reza"]
[WhiteFideId "2016192"]
[BlackFideId "12595926"]
[WhiteElo "2879"]
[BlackElo "2208"]
[Result "1-0"]
[Round "03"]
[TimeControl "180+2"]
[Date "2023.03.07"]
[WhiteClock "0:00:41"]
[BlackClock "0:00:23"]

1. Nf3 Nf6 2. g3 g6 3. Bg2 Bg7 4. b3 O-O 5. O-O d6 6. d4 c5 7. e3 Nc6 8. Bb2 Ne4 9. Nfd2 Nxd2 10. Qxd2 cxd4 11. exd4 Bd7 12. c4 Rc8 13. Rd1 h5 14. Nc3 Nxd4 15. Nd5 Ne6 16. Bxg7 Nxg7 17. Qe3 e6 18. Nc3 b6 19. Ne4 Nf5 20. Qc3 e5 21. Nxd6 Nxd6 22. Rxd6 Qe7 23. Rad1 Bg4 24. R1d2 Rfd8 25. Rxd8+ Rxd8 26. Bd5 Qf6 27. f4 Re8 28. Rf2 Bf5 29. Re2 Qd6 30. Rxe5 Rxe5 31. Qxe5 Qc5+ 32. Kg2 Qa3 33. Qe2 Kg7 34. h3 Bb1 35. Qe5+ Kh7 36. Qf6 Qxa2+ 37. Kg1 Qa3 38. Qxf7+ Kh6 39. g4 hxg4 40. hxg4 Qb2 41. Qf8+ Kh7 42. Bg8+ Kh8 43. Be6+ Kh7 44. Qg8+ Kh6 45. g5+ Kh5 46. Qh7# 1-0


[Site "https://www.chess.com"]

[Event "Titled Tuesday Blitz March 07 Early 2023"]
[White "Costachi, Mihnea"]
[Black "Nihal Sarin"]
[WhiteFideId "1217518"]
[BlackFideId "25092340"]
[WhiteElo "2456"]
[BlackElo "2689"]
[Result "1/2-1/2"]
[Round "03"]
[TimeControl "180+2"]
[Date "2023.03.07"]
[WhiteClock "0:00:08"]
[BlackClock "0:00:06"]

1. d4 d5 2. c4 e6 3. Nc3 h6 4. Bf4 Nf6 5. e3 Bd6 6. Bxd6 Qxd6 7. Nf3 O-O 8. Be2 dxc4 9. Bxc4 c5 10. O-O a6 11. e4 Qc7 12. e5 Nfd7 13. d5 Nxe5 14. Nxe5 Qxe5 15. Re1 Qd4 16. Qe2 exd5 17. Nxd5 Nc6 18. Rad1 Bg4 19. Rxd4 Bxe2 20. Rf4 Bxc4 21. Rxc4 Rfe8 22. Rxe8+ Rxe8 23. Kf1 Ne5 24. Rc3 c4 25. Ne3 b5 26. b3 b4 27. Rc1 c3 28. Rd1 Nc6 29. Ke2 Kf8 30. h4 Re6 31. Rd5 Ke7 32. Rc5 Kd6 33. Rc4 a5 34. Kd1 g6 35. Kc2 f5 36. h5 Ne5 37. Rd4+ Kc5 38. Rd5+ Kc6 39. hxg6 f4 40. Rxa5 fxe3 41. g7 Re8 42. Rxe5 Rg8 43. Rxe3 Rxg7 44. Re6+ Kd5 45. Rb6 Kc5 46. Rxh6 Rxg2 47. Rh5+ Kc6 48. Rh6+ Kc5 49. Rh5+ Kc6 50. Rf5 Rg1 51. Rf4 Kc5 52. Rf5+ Kc6 53. Rf4 Kc5 54. Rf5+ Kc6 1/2-1/2


[Site "https://www.chess.com"]

[Event "Titled Tuesday Blitz March 07 Early 2023"]
[White "Naroditsky, Daniel"]
[Black "Pulpan, Jakub"]
[WhiteFideId "2026961"]
[BlackFideId "302759"]
[WhiteElo "2633"]
[BlackElo "2484"]
[Result "1-0"]
[Round "03"]
[TimeControl "180+2"]
[Date "2023.03.07"]
[WhiteClock "0:01:35"]
[BlackClock "0:00:51"]

1. e4 c5 2. c3 Nf6 3. e5 Nd5 4. Nf3 Nc6 5. Bc4 Nb6 6. Bb3 c4 7. Bc2 d5 8. exd6 Qxd6 9. O-O g6 10. a4 a5 11. Na3 Bg7 12. Qe2 Be6 13. Nb5 Qd7 14. d4 cxd3 15. Bxd3 O-O 16. Rd1 Bb3 17. Bc2 Qe6 18. Qxe6 Bxe6 19. Nc7 Rad8 20. Nxe6 Rxd1+ 21. Bxd1 fxe6 22. Bb3 Nd8 23. Ng5 Rf6 24. Be3 Nd5 25. Nxe6 1-0


[Site "https://www.chess.com"]

[Event "Titled Tuesday Blitz March 07 Early 2023"]
[White "Cherniaiev, Tykhon"]
[Black "Duda, Jan-Krzysztof"]
[WhiteFideId "14182360"]
[BlackFideId "1170546"]
[WhiteElo "2450"]
[BlackElo "2790"]
[Result "0-1"]
[Round "03"]
[TimeControl "180+2"]
[Date "2023.03.07"]
[WhiteClock "0:00:03"]
[BlackClock "0:00:18"]

1. Nf3 Nc6 2. d4 d6 3. c4 e5 4. Nc3 Bg4 5. e3 g6 6. Be2 Bg7 7. h3 Bd7 8. O-O Nf6 9. b3 O-O 10. Bb2 Re8 11. dxe5 dxe5 12. Nd5 Be6 13. Nxf6+ Qxf6 14. Qe1 a5 15. Rd1 Qe7 16. a3 h6 17. Qc3 Kh7 18. Qc2 Bf5 19. e4 Be6 20. Rd2 Red8 21. Rfd1 Rxd2 22. Rxd2 Nd4 23. Nxd4 exd4 24. Bxd4 Bxd4 25. Rxd4 Qxa3 26. e5 Qa1+ 27. Qd1 Qxd1+ 28. Bxd1 Kg7 29. f4 g5 30. fxg5 hxg5 31. Kf2 c6 32. Bg4 b5 33. Bf3 Ra6 34. Rd6 bxc4 35. bxc4 a4 36. Rd1 Bxc4 37. Be2 Bxe2 38. Kxe2 Ra5 39. Kf3 Rxe5 40. Rd4 Ra5 41. Rd2 a3 42. Ra2 f5 43. g4 Kf6 44. gxf5 Kxf5 45. Ke3 Ra4 46. Kf3 c5 47. Ke3 Rh4 0-1


[Site "https://www.chess.com"]

[Event "Titled Tuesday Blitz March 07 Early 2023"]
[White "Andreikin, Dmitry"]
[Black "Rozman, Levy"]
[WhiteFideId "4158814"]
[BlackFideId "2039877"]
[WhiteElo "2736"]
[BlackElo "2376"]
[Result "1-0"]
[Round "03"]
[TimeControl "180+2"]
[Date "2023.03.07"]
[WhiteClock "0:01:48"]
[BlackClock "0:01:00"]

1. Nf3 g6 2. d4 Bg7 3. e4 d6 4. Bc4 Nf6 5. Qe2 O-O 6. e5 dxe5 7. dxe5 Nfd7 8. e6 Nb6 9. exf7+ Kh8 10. Bb3 Bg4 11. h3 Bxf3 12. Qxf3 Nc6 13. c3 Ne5 14. Qe4 Nd3+ 15. Ke2 Nc5 16. Qf3 e5 17. Rd1 Qe7 18. Be3 Nxb3 19. axb3 Rxf7 20. Qxb7 Raf8 21. Nd2 Qh4 22. Nf3 Qh5 23. Qe4 c6 24. g4 Qxh3 25. Ng5 Rxf2+ 26. Bxf2 Qh2 1-0


[Site "https://www.chess.com"]

[Event "Titled Tuesday Blitz March 07 Early 2023"]
[White "Fernandez Guillen, Ernesto J."]
[Black "Erigaisi Arjun"]
[WhiteFideId "3512428"]
[BlackFideId "35009192"]
[WhiteElo "2423"]
[BlackElo "2737"]
[Result "0-1"]
[Round "03"]
[TimeControl "180+2"]
[Date "2023.03.07"]
[WhiteClock "0:00:06"]
[BlackClock "0:00:15"]

1. e4 c6 2. d4 d5 3. e5 Bf5 4. c3 e6 5. Bd3 Bxd3 6. Qxd3 c5 7. Ne2 Nc6 8. O-O Nge7 9. Nd2 Nf5 10. Nf3 Be7 11. g4 Nh4 12. Nxh4 Bxh4 13. f4 Qb6 14. Be3 Be7 15. f5 O-O-O 16. fxe6 fxe6 17. Rf7 Qxb2 18. Rb1 c4 19. Qd1 Qxa2 20. Nf4 Rdf8 21. Rxf8+ Rxf8 22. Nxe6 Rf7 23. Rb5 Bh4 24. Nf4 Rxf4 25. Bxf4 Qf2+ 26. Kh1 Qxf4 27. Qe2 Qc1+ 28. Kg2 Qxc3 29. Rxd5 Nxd4 30. Qf1 Be7 31. Qf2 Nc6 32. e6 Qf6 33. Qe2 c3 34. Rd7 Bc5 35. Rf7 Qe5 36. Qc4 Qd4 37. e7 Bxe7 38. Qe6+ Qd7 39. Qe4 Qd2+ 40. Kh3 c2 41. Rxg7 c1=Q 42. Rg8+ Kc7 0-1


[Site "https://www.chess.com"]

[Event "Titled Tuesday Blitz March 07 Early 2023"]
[White "Bolourchifard, Farzad"]
[Black "Pranav, V"]
[WhiteFideId "12510084"]
[BlackFideId "25060783"]
[WhiteElo "2317"]
[BlackElo "2500"]
[Result "0-1"]
[Round "03"]
[TimeControl "180+2"]
[Date "2023.03.07"]
[WhiteClock "0:01:05"]
[BlackClock "0:01:20"]

1. e4 e5 2. Nf3 Nc6 3. Bc4 Nf6 4. d3 h6 5. O-O d6 6. Re1 g6 7. c3 Bg7 8. Nbd2 O-O 9. Nf1 Be6 10. Bb5 Nd7 11. d4 exd4 12. cxd4 d5 13. e5 a6 14. Bxc6 bxc6 15. b3 Re8 16. Ba3 a5 17. Rc1 Ra6 18. Ne3 h5 19. Rc3 a4 20. b4 Nf8 21. Bc1 a3 22. Rxa3 Rb6 23. Nc2 Nh7 24. Rc3 Qa8 25. a3 Bd7 26. Na1 Qd8 27. Nb3 Bf5 28. Na5 Qd7 29. Be3 Ra8 30. Nd2 h4 0-1


[Site "https://www.chess.com"]

[Event "Titled Tuesday Blitz March 07 Early 2023"]
[White "Lazavik, Denis"]
[Black "Wagner, Dennis"]
[WhiteFideId "13515110"]
[BlackFideId "24650684"]
[WhiteElo "2560"]
[BlackElo "2470"]
[Result "1-0"]
[Round "03"]
[TimeControl "180+2"]
[Date "2023.03.07"]
[WhiteClock "0:00:22"]
[BlackClock "0:00:03"]

1. d4 Nf6 2. c4 e6 3. Nf3 d5 4. g3 Bb4+ 5. Bd2 Be7 6. Bg2 O-O 7. O-O c6 8. Bf4 Nbd7 9. Qc2 b6 10. cxd5 cxd5 11. Rc1 Bb7 12. Bc7 Qe8 13. Qb3 Rc8 14. Na3 Ne4 15. Nb5 Ndc5 16. dxc5 bxc5 17. Bf4 c4 18. Qa4 a6 19. Nc3 Nxc3 20. Qxe8 Nxe2+ 21. Kf1 Rfxe8 22. Kxe2 f6 23. Bd2 e5 24. b3 Ba3 25. Rc2 c3 26. Rxc3 e4 27. Ne1 d4 28. Rxc8 Rxc8 29. Kd1 f5 30. Nc2 Bc5 31. Rc1 Rd8 32. Nb4 Bb6 33. Bf4 Rd7 34. Nc6 h6 35. Ne5 Re7 36. Nc4 Bd8 37. h4 a5 38. Bd6 Rd7 39. Bc5 d3 40. Be3 Kh7 41. h5 Rf7 42. Bh3 g6 43. hxg6+ Kxg6 44. Ne5+ Kf6 45. Nxf7 Kxf7 46. Bxf5 Bf6 47. Rc7+ 1-0


[Site "https://www.chess.com"]

[Event "Titled Tuesday Blitz March 07 Early 2023"]
[White "Msellek, Ilyass"]
[Black "Hakobyan, Aram"]
[WhiteFideId "675938"]
[BlackFideId "13306677"]
[WhiteElo "2287"]
[BlackElo "2563"]
[Result "0-1"]
[Round "03"]
[TimeControl "180+2"]
[Date "2023.03.07"]
[WhiteClock "0:00:10"]
[BlackClock "0:01:21"]

1. d4 g6 2. Nf3 Bg7 3. Nc3 c5 4. dxc5 Bxc3+ 5. bxc3 Qa5 6. e4 Nf6 7. Bd3 Qxc5 8. O-O d6 9. Be3 Qc7 10. c4 Bg4 11. h3 Bxf3 12. Qxf3 Nbd7 13. Qe2 O-O 14. f4 Nc5 15. Bd4 Nfd7 16. f5 Ne5 17. Qe3 f6 18. Qh6 Nf7 19. Qh4 g5 20. Qh5 Nd7 21. h4 Nde5 22. Rae1 g4 23. Rf4 Kh8 24. Be2 Rg8 25. c3 Rg7 26. Kh1 Rag8 27. Kh2 d5 28. Kh1 Nf3 29. Rxg4 Qh2# 0-1


[Site "https://www.chess.com"]

[Event "Titled Tuesday Blitz March 07 Early 2023"]
[White "Matlakov, Maxim"]
[Black "Korchmar, Vasiliy"]
[WhiteFideId "4168003"]
[BlackFideId "24131750"]
[WhiteElo "2666"]
[BlackElo "2370"]
[Result "1-0"]
[Round "03"]
[TimeControl "180+2"]
[Date "2023.03.07"]
[WhiteClock "0:00:05"]
[BlackClock "0:00:01"]

1. e4 c5 2. Nf3 d6 3. Bb5+ Nd7 4. O-O a6 5. Bxd7+ Bxd7 6. c3 Nf6 7. Re1 e6 8. d4 Be7 9. e5 dxe5 10. dxe5 Nd5 11. c4 Nb4 12. a3 Nc6 13. Nc3 O-O 14. Ne4 Na5 15. Qc2 b5 16. Nfg5 g6 17. b3 bxc4 18. bxc4 Rb8 19. Rd1 Nb3 20. Rb1 Nd4 21. Rxb8 Qxb8 22. Qd3 Qxe5 23. Nf3 Nxf3+ 24. gxf3 Bc6 25. Bh6 Re8 26. Qe3 Qh5 27. Bf4 Bxe4 28. Qxe4 Bf6 29. Be3 Be5 30. Bf4 Bd4 31. Be3 Be5 32. Bf4 Bd4 33. Rb1 Qh4 34. Bg3 Qf6 35. Rb7 Rd8 36. Bh4 g5 37. Bg3 h6 38. Kg2 Kg7 39. h4 Qg6 40. hxg5 hxg5 41. Qc6 Rh8 42. Qe4 Qh6 43. Kf1 Qh1+ 44. Ke2 Qc1 45. Be5+ Bxe5 46. Qxe5+ 1-0


[Site "https://www.chess.com"]